 Dungeon Crawl Stone Soup version 0.21.1-1-g345015f (webtiles) character file.

131 goulibeur the Distorting Demonspawn (level 4, -1/37 HPs)
             Began as a Demonspawn Abyssal Knight on June 26, 2018.
             Was a Believer of Lugonu.
             Slain by a river rat (5 damage)
             ... in a sewer.
             The game lasted 00:08:49 (2829 turns).

goulibeur the Distorting Demonspawn (DsAK)          Turns: 2829, Time: 00:08:49

Health: -1/37      AC:  5    Str: 12    XL:     4   Next: 91%
Magic:  7/7        EV: 11    Int: 13    God:    Lugonu [**....]
Gold:   72         SH:  0    Dex: 14    Spells: 3/3 levels left

rFire    . . .     SeeInvis .   r - -3 short sword (curse)
rCold    . . .     Gourm    .   (no shield)
rNeg     . . .     Faith    .   n - -2 ring mail (curse)
rPois    .         Spirit   .   (no helmet)
rElec    .         Reflect  .   (no cloak)
rCorr    .         Harm     .   (no gloves)
MR       .....                  (no boots)
Stlth    +.........             (no amulet)
HPRegen  0.12/turn              (no ring)
MPRegen  0.10/turn              (no ring)

@: no status effects
A: icy blue scales 1
a: Depart the Abyss, Bend Space, Renounce Religion


You were in a sewer.
You worshipped Lugonu.
Lugonu was pleased with you.
You were not hungry.

You visited 1 branch of the dungeon, and saw 4 of its levels.
You visited the Abyss 1 time.
You also visited: Sewer.

You collected 72 gold pieces.

Inventory:

Hand Weapons
 a - a +1 short sword
 r - a cursed -3 short sword (weapon)
Armour
 b - a +0 leather armour
 k - a +0 scale mail
 n - a cursed -2 ring mail (worn)
Scrolls
 g - a scroll of remove curse {unknown}
 h - a scroll of fog {unknown}
 i - a scroll of teleportation {unknown}
 m - a scroll of enchant weapon {unknown}
 o - a scroll of identify {unknown}
Potions
 d - a potion of curing {unknown}
 e - a potion of heal wounds {unknown}
 j - a potion of degeneration {unknown}
 p - a potion of magic {unknown}
 q - 2 potions of might {unknown}
 s - a potion of flight {unknown}
 t - a potion of agility {unknown}
Books
 l - a book of Cantrips

   Spells                             Type                      Level
   a - Confusing Touch                Hexes                        1
   b - Animate Skeleton               Necromancy                   1
   c - Summon Small Mammal            Summoning                    1
   d - Apportation                    Translocation                1
Comestibles
 c - 3 rations
 f - a chunk of flesh


   Skills:
 + Level 3.6 Fighting
 - Level 1.7 Short Blades
 + Level 2.6 Armour
 + Level 2.0 Dodging
 * Level 4.5 Invocations


You had 3 spell levels left.
You didn't know any spells.

Dungeon Overview and Level Annotations

Branches:
Dungeon (3/15)

Altars:


Innate Abilities, Weirdness & Mutations

You are partially covered in icy blue scales. (AC +2)


Message History

You closely miss the rat. The rat closely misses you. The river rat bites you.
* * * LOW HITPOINT WARNING * * *
You closely miss the river rat. The rat closely misses you.
The river rat completely misses you.
You hit the river rat but do no damage. The rat misses you.
The river rat bites you.
* * * LOW HITPOINT WARNING * * *
You closely miss the river rat. The rat barely misses you.
The river rat barely misses you.
You hit the river rat.
The river rat is moderately wounded.
The rat misses you. The river rat closely misses you.
You hit the river rat but do no damage.
The river rat is moderately wounded.
The rat barely misses you. The river rat closely misses you.
You hit the river rat but do no damage.
The river rat is moderately wounded.
The rat twitches its whiskers.
The rat closely misses you. The river rat bites you.
You die...

....≈.rrr≈≈≈≈≈≈≈#≈#≈
.≈≈.≈≈≈≈r≈≈≈≈≈≈≈≈#≈#
≈≈≈r≈≈≈≈≈≈≈≈≈≈≈≈#≈# #
≈≈≈≈≈≈≈≈≈≈≈≈≈≈≈≈≈# ≈#
.≈≈≈≈≈≈≈≈≈≈≈≈≈≈≈# ≈≈#
..≈≈.≈≈≈≈≈≈≈≈≈≈≈#######≈≈#
...≈≈≈.≈≈≈≈≈≈≈≈≈#..#..#≈≈#
.......≈≈..≈≈...#r....#≈≈#
...............r@)...##≈≈#
...............(#(....#≈≈#
#...÷...........#..#..#≈≈#
###......###..#########≈≈#
#####...## #### ≈≈# ∩#
##### ≈# ## #


You could see a river rat and a rat.

Vanquished Creatures
  A river rat (Sewer)
  5 adders (D:2)
  An ooze (D:1)
  A dart slug (D:1)
  A leopard gecko (D:1)
  5 giant cockroaches
  2 goblins (D:2)
  6 hobgoblins
  6 jackals (D:1)
  4 ball pythons
  10 bats
  6 frilled lizards
  12 kobolds
  12 rats
72 creatures vanquished.

Notes
Turn   | Place    | Note
-------+----------+-------------------------------------------
     0 | Abyss:1  | goulibeur the Demonspawn Abyssal Knight began the quest for the Orb.
     0 | Abyss:1  | Reached XP level 1. HP: 18/18 MP: 2/2
   135 | D:1      | Escaped the Abyss
   386 | D:1      | Reached skill level 1 in Dodging
   597 | D:1      | Reached skill level 3 in Invocations
   597 | D:1      | Gained mutation: You are partially covered in icy blue scales. (AC +2) [demonic ancestry]
   597 | D:1      | Reached XP level 2. HP: 13/24 MP: 2/4
   935 | D:1      | Reached * piety under Lugonu
  1258 | D:1      | Reached XP level 3. HP: 29/29 MP: 5/5
  1588 | D:2      | Reached skill level 4 in Invocations
  1588 | D:2      | Reached XP level 4. HP: 17/35 MP: 5/7
  2117 | D:2      | Reached ** piety under Lugonu
  2394 | D:3      | You fall through a shaft for 3 floors!
  2394 | D:6      | Found a glowing drain.
  2421 | Sewer    | Entered a sewer
  2829 | Sewer    | Slain by a river rat

Skill      XL: |  1  2  3  4 |
---------------+-------------+-----
Dodging        | 1 2 |  2.0
Armour         | 2 |  2.6
Invocations    | 3 4 |  4.5
Fighting       | |  3.6
Short Blades   | |  1.7

Action                   |  1- 3 |  4- 6 || total
-------------------------+-------+-------++-------
Melee: Short sword       |   103 |   157 ||   260
Invok: Depart the Abyss  |     1 |       ||     1
  Eat: Chunk             |     2 |     4 ||     6
Armor: Leather armour    |    38 |       ||    38
       Scale mail        |    16 |    18 ||    34
       Ring mail         |       |    55 ||    55
Dodge: Dodged            |    53 |   134 ||   187
